 Dungeon Crawl Stone Soup version 0.26-a0-712-ga5a9c9c9d0 (webtiles) character file.

Game seed: 10499660314550366687

10063 ringo67 the Cleaver (level 11, -6/97 HPs)
             Began as a Ghoul Fighter on Oct 31, 2020.
             Was a Priest of Uskayaw.
             Mangled by a five-headed hydra (8 damage)
             ... on level 1 of the Lair of Beasts.
             The game lasted 00:27:49 (16440 turns).

ringo67 the Cleaver (Ghoul Fighter)                Turns: 16440, Time: 00:27:54

Health: -6/97      AC: 13    Str: 23    XL:     11   Next: 56%
Magic:  14/14      EV:  6    Int:  4    God:    Uskayaw [***...]
Gold:   650        SH: 10    Dex:  8    Spells: 10/10 levels left

rFire    + . .     SeeInvis .   C - +2 morningstar
rCold    + . .     Faith    .   c - +0 kite shield
rNeg     + + +     Spirit   .   u - +1 chain mail
rPois    ∞         Reflect  .   (no helmet)
rElec    .         Harm     .   w - +0 cloak
rCorr    +         Rampage  .   (no gloves)
MR       .....                  (no boots)
Stlth    ..........             K - amulet of magic regeneration
HPRegen  0.00/turn              H - ring of protection from fire
MPRegen  0.39/turn              v - ring of resist corrosion

@: no status effects
A: rotting body, claws 1, cold resistance 1, negative energy resistance 3,
inhibited regeneration, torment resistance, unbreathing
a: Stomp, Line Pass, Renounce Religion


You were on level 1 of the Lair of Beasts.
You worshipped Uskayaw.
Uskayaw was noncommittal.
You visited 3 branches of the dungeon, and saw 13 of its levels.
You also visited: Ossuary.

You collected 650 gold pieces.

Inventory:

Hand Weapons
 a - a +1 war axe
 C - a +2 morningstar (weapon)
Missiles
 m - 51 poisoned darts (quivered)
 J - 6 curare-tipped darts
Armour
 c - a +0 kite shield (worn)
 u - a +1 chain mail (worn)
 w - a +0 cloak (worn)
Jewellery
 b - an uncursed amulet of regeneration
 h - a +6 ring of intelligence
 i - an uncursed ring of magical power
 j - an uncursed ring of fire
 q - an uncursed ring of fire
 v - a ring of resist corrosion (right claw)
 y - an uncursed ring of flight
 H - a ring of protection from fire (left claw)
 I - an uncursed ring of ice
 K - an amulet of magic regeneration (around neck)
 L - a cursed ring of magical power
 N - a +6 ring of intelligence
Wands
 E - a wand of digging (5)
 F - a wand of paralysis (7)
Scrolls
 g - 3 scrolls of teleportation
 n - 4 scrolls of amnesia
 o - a scroll of blinking
 p - 2 scrolls of enchant armour
 r - 7 scrolls of identify
 t - 5 scrolls of remove curse
 x - 2 scrolls of enchant weapon
Potions
 d - a potion of might
 e - 3 potions of flight
 f - 4 potions of heal wounds
 k - a potion of haste
 l - a potion of resistance {unknown}
 s - 2 potions of brilliance
 z - 9 potions of curing
 A - 3 potions of magic
 B - 3 potions of stabbing
 D - 2 potions of cancellation
 G - 2 potions of ambrosia
Miscellaneous
 M - a tin of tremorstones (3/3)


   Skills:
 + Level 9.5 Fighting
 * Level 10.6 Axes
 - Level 8.0 Armour
 - Level 5.3 Shields
 + Level 6.0 Invocations
 + Level 0.0 Evocations


You had 10 spell levels left.
You didn't know any spells.
Your spell library contained the following spells:

 Spells                   Type           Power        Failure   Level
 Animate Skeleton         Necr           #.....       100%        1
 Apportation              Tloc           #.....       100%        1
 Corona                   Hex            #......      100%        1
 Summon Small Mammal      Summ           #...         100%        1
 Call Imp                 Summ           #.......     100%        2
 Call Canine Familiar     Summ           #.......     100%        3
 Summon Guardian Golem    Hex/Summ       #.......     100%        3
 Summon Ice Beast         Ice/Summ       #.......     100%        4
 Summon Lightning Spire   Summ/Air       #.......     100%        4


Dungeon Overview and Level Annotations

Branches:
Dungeon (11/15)            Temple (1/1) D:6            Lair (1/6) D:11
    Orc (0/2) D:9         Ossuary (visited)

Altars:
Ashenzari
Cheibriados
Elyvilon
Fedhas
Gozag
Hepliaklqana
Kikubaaqudgha
Makhleb
Nemelex Xobeh
Qazlal
Ru
Sif Muna
Trog
Uskayaw
Vehumet
Wu Jian
Xom
Yredelemnul
Zin
The Shining One
Beogh

Shops:
D:7 ?   D:9 ?   D:10 !


Innate Abilities, Weirdness & Mutations

Your body is rotting away.
You thrive by killing the living.
You are immune to poison.
You have sharp fingernails.
Your flesh is cold resistant. (rC+)
You are immune to negative energy. (rN+++)
You do not regenerate when monsters are visible.
You are immune to unholy pain and torment.
You can survive without breathing.


Message History

You thump the five-headed hydra!
The five-headed hydra is severely wounded.
The yak is no longer paralysed. x2
The five-headed hydra is no longer paralysed.
You block the five-headed hydra's attack.
The five-headed hydra barely misses you.
The five-headed hydra bites you.
* * * LOW HITPOINT WARNING * * *
The five-headed hydra bites you!
* * * LOW HITPOINT WARNING * * *
You block the five-headed hydra's attack.
Uskayaw prepares the audience for your solo!
The helpless five-headed hydra fails to defend itself.
You puncture the five-headed hydra!
The five-headed hydra is almost dead.
The five-headed hydra is no longer paralysed.
The five-headed hydra bites you!
* * * LOW HITPOINT WARNING * * *
The five-headed hydra bites you!
You die...

.#.....P.......#..#
.##............#..#
.##....#.......#..#
..#....#.......#..#
.##..............^#
..#............#..#
.##....#...D......##
.#.....#....Y..#...#
.......#.#######@.##
.............YYD...#
#########PP.########
#####


You could see a five-headed hydra and 2 yaks.

Vanquished Creatures
  2 two-headed ogres
  An orc knight (D:9)
  Maggie (D:6)
  A komodo dragon (D:11)
  A troll (D:9)
  4 slime creatures
  A wraith (D:10)
  3 shadows
  2 yaks
  A water moccasin (D:10)
  5 sky beasts
  4 orc warriors
  2 ice beasts
  2 black bears
  2 phantoms
  7 centaurs
  7 ogres
  7 bullfrogs
  A wyvern skeleton (D:10)
  2 scorpions
  2 troll zombies (D:9)
  9 killer bees
  5 wights (D:10)
  3 howler monkeys
  2 bullfrog zombies
  A centaur zombie (D:10)
  4 jellies
  2 bullfrog skeletons (D:7)
  2 centaur skeletons
  7 orc priests
  5 hounds
  11 orc wizards
  Crazy Yiuf (D:6)
  2 iguanas (D:8)
  8 worker ants
  A killer bee zombie (D:9)
  4 ogre zombies (D:9)
  A hound zombie (D:7)
  13 mummies
  A howler monkey zombie (D:5)
  2 howler monkey skeletons
  7 adders
  4 gnolls (D:8)
  5 shadow imps
  3 white imps
  2 ufetubi (D:8)
  3 adder skeletons
  5 worms
  3 dart slugs (D:2)
  7 leopard geckos
  41 orcs
  5 ball pythons
  5 giant cockroaches
  7 goblins
  4 hobgoblins
  8 jackals
  7 quokkas
  8 bats
  2 frilled lizards
  A gnoll skeleton (Ossuary)
  2 goblin skeletons
  4 goblin zombies (D:9)
  A hobgoblin skeleton (D:9)
  A hobgoblin zombie (D:9)
  2 kobolds
  3 kobold skeletons (Ossuary)
  2 leopard gecko skeletons
  5 orc skeletons
  10 orc zombies (D:9)
  A quokka skeleton (D:4)
  13 rats
  11 rat skeletons (Ossuary)
324 creatures vanquished.

Vanquished Creatures (others)
  9 fungi (D:11)
  9 plants (D:11)
18 creatures vanquished.

Grand Total: 342 creatures vanquished

Notes
Turn   | Place    | Note
-------+----------+-------------------------------------------
     0 | D:1      | ringo67 the Ghoul Fighter began the quest for the Orb.
     0 | D:1      | Reached XP level 1. HP: 19/19 MP: 0/0
   208 | D:1      | Reached skill level 2 in Axes
   227 | D:1      | Reached XP level 2. HP: 26/26 MP: 1/1
   871 | D:2      | Reached XP level 3. HP: 31/31 MP: 2/2
  1193 | D:2      | Reached XP level 4. HP: 38/40 MP: 3/3
  1736 | D:3      | Reached skill level 3 in Axes
  2283 | D:4      | Reached XP level 5. HP: 28/46 MP: 4/4
  2605 | D:3      | Reached XP level 6. HP: 23/52 MP: 5/5
  2613 | D:3      | Reached skill level 4 in Axes
  3067 | D:3      | Found a broken altar of Ashenzari.
  3077 | D:3      | Found a basalt altar of Yredelemnul.
  3883 | D:4      | Reached XP level 7. HP: 43/60 MP: 6/6
  4260 | D:5      | Entered Level 5 of the Dungeon
  4472 | D:5      | Reached skill level 5 in Fighting
  4563 | D:5      | Reached skill level 5 in Axes
  4943 | D:5      | Reached XP level 8. HP: 68/68 MP: 7/7
  5368 | D:5      | Found a snail-covered altar of Cheibriados.
  5765 | D:5      | Found a radiant altar of Vehumet.
  6491 | D:6      | Reached skill level 6 in Axes
  6520 | D:6      | Reached skill level 5 in Armour
  6526 | D:6      | Reached skill level 5 in Shields
  6627 | D:6      | Found a staircase to the Ecumenical Temple.
  6655 | D:6      | Found a sacrificial altar of Ru.
  6888 | D:6      | Found a sand-covered staircase.
  6895 | Ossuary  | Entered an ossuary
  7280 | D:6      | Reached XP level 9. HP: 75/75 MP: 8/8
  7601 | Temple   | Entered the Ecumenical Temple
  7689 | Temple   | Became a worshipper of Uskayaw the Reveler
  7749 | D:6      | Reached * piety under Uskayaw
  7964 | D:6      | Reached ** piety under Uskayaw
  8215 | D:6      | Noticed Maggie
  8238 | D:6      | Killed Maggie
  8238 | D:6      | Reached skill level 7 in Axes
  8273 | D:6      | Found a runed translucent door.
  8274 | D:6      | Noticed Crazy Yiuf
  8284 | D:6      | Killed Crazy Yiuf
  8420 | D:7      | Reached *** piety under Uskayaw
  8717 | D:7      | Found Bihoimic's Magic Scroll Emporium.
  8865 | D:7      | Reached skill level 8 in Axes
  8865 | D:7      | Reached skill level 1 in Invocations
  9428 | D:8      | Reached XP level 10. HP: 67/88 MP: 10/10
  9474 | D:8      | Reached **** piety under Uskayaw
 10556 | D:9      | Noticed a two-headed ogre
 10972 | D:9      | HP: 3/88 [two-headed ogre/cursed -1 giant club (4)]
 11461 | D:9      | Found a staircase to the Orcish Mines.
 11476 | D:9      | Reached skill level 9 in Axes
 11747 | D:9      | Killed a two-headed ogre
 11801 | D:9      | Found a runed translucent door.
 11826 | D:9      | Noticed an orc knight
 12205 | D:9      | Killed an orc knight
 12435 | D:9      | Found a roughly hewn altar of Beogh.
 12541 | D:9      | Found Vif Eluaklu's Magic Scroll Shoppe.
 12687 | D:10     | Entered Level 10 of the Dungeon
 12759 | D:10     | Reached XP level 11. HP: 88/95 MP: 8/13
 12843 | D:10     | Reached skill level 10 in Axes
 12859 | D:10     | Found Warghang's Distillery.
 12868 | D:10     | Reached skill level 5 in Invocations
 12916 | D:10     | Noticed a two-headed ogre
 12930 | D:10     | Killed a two-headed ogre
 13516 | D:10     | HP: 1/97 [slime creature (14)]
 15186 | D:11     | Found a staircase to the Lair.
 15558 | Lair:1   | Entered Level 1 of the Lair of Beasts
 15591 | Lair:1   | Noticed a five-headed hydra
 16440 | Lair:1   | HP: 2/97 [five-headed hydra (7)]
 16440 | Lair:1   | Mangled by a five-headed hydra

Illustrated notes

Levels and vault maps discovered:
D:1:      mrwooster_arrival_statue, layout_loops_ring
D:2:      layout_basic, minmay_split_cup_large
D:3:      layout_basic, amethyst_overflow_temple_binary
D:4:      layout_cave_pools, serial_park_tiny_1, hangedman_decor_push
D:5:      kennysheep_spiral_hall, layout_basic, slow_altar_2,
          overflow_temple_1_default, cheibrodos_sewer_entry_sluice
D:6:      layout_basic, minmay_temple_entry_arrows,
          nicolae_ossuary_entry_monument, nicolae_ru_sacrificial_ziggurat,
          uniq_crazy_yiuf_cottage, uniq_maggie
D:7:      layout_basic, serial_shops, shop, st_stairs_10
D:8:      layout_cave_pods
D:9:      layout_cross, zombieorc1_lemuel, serial_shops,
          nicolae_shop_behind_doors, st_stairs_12, amethyst_killhole,
          lightli_church_of_beogh
D:10:     layout_basic, serial_shops, shop
D:11:     layout_basic, grunt_lair_entry_orc_guard_hut
Temple:   regret_index_temple_mists
Lair:1:   cheibrodos_lair_river_kwai, layout_regular_city

Skill      XL: |  1  2  3  4  5  6  7  8  9 10 11 |
---------------+----------------------------------+-----
Axes           | 2 3 4 5 6 8 9 10 | 10.6
Armour         | 3 4 5 6 7 8 |  8.0
Shields        | 3 4 5 |  5.3
Fighting       | 4 5 6 7 8 9 |  9.5
Invocations    | 2 4 6 |  6.0

Action                   |  1- 3 |  4- 6 |  7- 9 | 10-12 || total
-------------------------+-------+-------+-------+-------++-------
Melee: War axe           |    85 |   225 |   494 |   489 ||  1293
       Morningstar       |       |       |       |    20 ||    20
Throw: Dart              |       |       |    20 |    48 ||    68
Invok: Stomp             |       |       |       |     3 ||     3
       Line Pass         |       |       |       |     2 ||     2
Evoke: Wand              |       |       |       |     1 ||     1
  Use: Scroll            |       |       |    23 |     5 ||    28
 Stab: Paralysed         |       |       |     2 |    33 ||    35
Armor: Scale mail        |    45 |    66 |       |       ||   111
       Chain mail        |       |    40 |   204 |   256 ||   500
Dodge: Dodged            |    33 |    62 |   117 |   130 ||   342
Block: Kite shield       |    46 |   120 |   225 |   300 ||   691

Table legend: (Time is in decaauts)
 A = Elapsed time spent in this place.
 B = Non-inter-level travel time spent in this place.
 C = Inter-level travel time spent in this place.
 D = Time resting spent in this place.
 E = Time spent auto-exploring this place.
 F = Levels seen in this place.
 G = Mean time per level.
                   A        B        C        D        E       F      G
               +--------+--------+--------+--------+--------+-----+--------+
         Total |  16789 |  16274 |    515 |   5162 |   7299 |  14 | 1199.2 |
       Dungeon |  16109 |  15620 |    489 |   5162 |   6959 |  11 | 1464.5 |
        Temple |    143 |    117 |     26 |      0 |    105 |   1 |  143.0 |
          Lair |    132 |    132 |      0 |      0 |     27 |   1 |  132.0 |
       Ossuary |    404 |    404 |      0 |      0 |    208 |   1 |  404.0 |
               +--------+--------+--------+--------+--------+-----+--------+

Top non-repeatable levels by time:
     D:9: 1982 daAuts
     D:8: 1954 daAuts
     D:5: 1880 daAuts
     D:3: 1768 daAuts
    D:11: 1734 daAuts
     D:6: 1615 daAuts
    D:10: 1350 daAuts
     D:4: 1186 daAuts
     D:2: 950 daAuts
     D:7: 919 daAuts
     D:1: 767 daAuts
 Ossuary: 404 daAuts
  Temple: 143 daAuts
  Lair:1: 132 daAuts
